 Seeded DCSS version 0.31-a0-321-g19405a7a6a (webtiles) character file.

Game seed: 14215367866634240820 (custom seed)

112 innerfire43 the Trooper (level 4, 0/37 HPs)
             Began as a Demonspawn Monk on July 17, 2023.
             Slain by Terence
             ... wielding a +0 trident
              (5 damage)
             ... on level 3 of the Dungeon.
             The game lasted 00:01:36 (1711 turns).

innerfire43 the Trooper (Demonspawn Monk)           Turns: 1711, Time: 00:01:37

Health: 0/37       AC:  5    Str: 13    XL:     4   Next: 63%
Magic:  4/4        EV: 13    Int: 11    God:
Gold:   79         SH:  0    Dex: 16    Spells: 3/3 levels left

rFire   . . .        a - +0 hand axe
rCold   . . .        d - orb {light}
rNeg    . . .        b - +0 robe
rPois   .            j - +2 helmet
rElec   .            (no cloak)
rCorr   .            (no gloves)
SInv    .            (no boots)
Will    .....        (no amulet)
Stlth   +            (no ring)
HPRegen 0.26/turn    (no ring)
MPRegen 0.09/turn

%: no passive effects
@: glowing
A: demonic guardian 2
a: no special abilities


You were on level 3 of the Dungeon.
You visited 1 branch of the dungeon, and saw 3 of its levels.

You collected 79 gold pieces.

Inventory:

Hand Weapons
 a - a +0 hand axe (weapon)
Missiles
 h - 4 silver javelins (quivered)
Armour
 b - a +0 robe (worn)
 d - an orb of light (worn)
 j - a +2 helmet (worn)
Scrolls
 e - a scroll of enchant weapon {unknown}
 f - a scroll of fog {unknown}
 i - a scroll of amnesia {unknown}
 k - a scroll of enchant armour {unknown}
Potions
 c - 2 potions of ambrosia
 g - a potion of curing {unknown}


   Skills:
 + Level 3.9 Fighting
 * Level 3.7 Axes
 + Level 3.4 Dodging


You had 3 spell levels left.
You didn't know any spells.
Your spell library was empty.

Dungeon Overview and Level Annotations

Branches:
Dungeon (3/15)

Altars:

Annotations:
D:3 Terence


Innate Abilities, Weirdness & Mutations

A demonic guardian rushes to your aid.


Message History

Terence hits you with a +0 trident.
You hit Terence but do no damage.
Terence is lightly wounded.
Terence misses you.
Terence is nearby!
You barely miss Terence.
Terence is lightly wounded.
Terence closely misses you.
Terence is nearby!
You slash Terence!
Terence is heavily wounded.
Terence hits you with a +0 trident!
Terence is nearby!
You are too injured to fight recklessly!
You are too injured to fight recklessly!
Terence is nearby!
You are too injured to fight recklessly!
You are too injured to fight recklessly!
You hit Terence.
Terence is heavily wounded.
Terence barely misses you.
You hit Terence but do no damage.
Terence is heavily wounded.
Terence hits you with a +0 trident.
You hit Terence.
Terence is heavily wounded.
Terence misses you.
You hit Terence but do no damage.
Terence is heavily wounded.
Terence hits you with a +0 trident.
* * * LOW HITPOINT WARNING * * *
Terence barely misses you.
You hit Terence but do no damage.
Terence is heavily wounded.
Terence hits you with a +0 trident.
* * * LOW HITPOINT WARNING * * *
A demonic guardian appears!
Unknown command.
Terence attacks as you move away! Terence hits you with a +0 trident.
You die...

...... ...... ......
......##########
..............>#
...............#######
......4..............#
#.........#####.#
#@####'#### #.## #.@#
#.########... #.##
#.........### ..
#########.# ... ###
#..<#.# ...[ ..#
#.###.# .####
#.######.# #.# #.
#.##.....# #.#
#.##.##### #.#


You could see Terence (ally target) and a friendly hellwing (summoned).

Vanquished Creatures
  4 gnolls (D:2)
  An adder (D:3)
  2 dart slugs
  4 ball pythons
  6 endoplasms
  A giant cockroach (D:1)
  7 goblins
  3 hobgoblins
  6 jackals (D:1)
  2 kobolds (D:1)
  3 quokkas (D:1)
  5 bats
  4 frilled lizards
  3 rats
51 creatures vanquished.

Vanquished Creatures (collateral kills)
  A worm (D:2)
  A quokka (D:1)
2 creatures vanquished.

Grand Total: 53 creatures vanquished

Notes
Turn   | Place    | Note
-------+----------+-------------------------------------------
     0 | D:1      | innerfire43 the Demonspawn Monk began the quest for the
                  | Orb.
     0 | D:1      | Reached XP level 1. HP: 18/18 MP: 1/1
    50 | D:1      | Gained mutation: A weak demonic guardian rushes to your
                  | aid. [demonic ancestry]
    50 | D:1      | Reached XP level 2. HP: 17/24 MP: 2/2
   427 | D:1      | Reached XP level 3. HP: 29/29 MP: 3/3
  1154 | D:2      | Gained mutation: A demonic guardian rushes to your aid.
                  | [demonic ancestry]
  1154 | D:2      | Reached XP level 4. HP: 19/37 MP: 4/4
  1694 | D:3      | Noticed Terence
  1711 | D:3      | Slain by Terence

Illustrated notes

Levels and vault maps discovered:
D:1:      dpeg_arrival_castle, layout_basic, serial_forest,
          infiniplex_forest_straight_2, infiniplex_forest_straight_3,
          infiniplex_forest_clump_double, infiniplex_forest_lined_1,
          infiniplex_forest_clump_small, infiniplex_forest_straight_2,
          infiniplex_forest_lined_3_way
D:2:      layout_rooms
D:3:      layout_basic, general_overflow_altar, uniq_terence

Skill      XL: |  1  2 |
---------------+-------+-----
Dodging        | 3 |  3.4
Axes           | 3 |  3.7
Fighting       | |  3.9

Action                     |  1- 3 |  4- 6 || total
---------------------------+-------+-------++-------
  Melee: Hand axe          |    82 |    51 ||   133
  Throw: Javelin           |     3 |       ||     3
   Stab: Distracted        |     1 |       ||     1
 Armour: Robe              |    14 |    13 ||    27
  Dodge: Dodged            |    80 |    36 ||   116

Table legend: (Time is in decaauts)
 A = Elapsed time spent in this place.
 B = Non-inter-level travel time spent in this place.
 C = Inter-level travel time spent in this place.
 D = Time resting spent in this place.
 E = Time spent auto-exploring this place.
 F = Levels seen in this place.
 G = Mean time per level.
                   A        B        C        D        E       F      G
               +--------+--------+--------+--------+--------+-----+--------+
         Total |   1737 |   1642 |     95 |      0 |   1339 |   3 |  579.0 |
       Dungeon |   1737 |   1642 |     95 |      0 |   1339 |   3 |  579.0 |
               +--------+--------+--------+--------+--------+-----+--------+

Top non-repeatable levels by time:
     D:1: 1009 daAuts
     D:2: 593 daAuts
     D:3: 134 daAuts
